 Dungeon Crawl Stone Soup version 0.27-a0-909-g0721f309d1 (webtiles) character file.

Game seed: 14089007483291415676

158 leviel the Skirmisher (level 5, -1/47 HPs)
             Began as a Hill Orc Fighter on Apr 8, 2021.
             Killed from afar by Sigmund (7 damage)
             ... with a puff of flame
             ... on level 3 of the Dungeon.
             The game lasted 00:07:37 (2927 turns).

leviel the Skirmisher (Hill Orc Fighter)            Turns: 2927, Time: 00:07:37

Health: -1/47      AC:  7    Str: 20    XL:     5   Next: 40%
Magic:  6/6        EV:  7    Int:  8    God:
Gold:   199        SH:  9    Dex: 10    Spells: 4/4 levels left

rFire    . . .     SeeInvis .   a - +1 long sword
rCold    . . .     Faith    .   c - +0 kite shield
rNeg     . . .     Spirit   .   b - +0 scale mail
rPois    .         Reflect  .   (no helmet)
rElec    .         Harm     .   (no cloak)
rCorr    .         Rampage  .   (no gloves)
Will     .....                  (no boots)
Stlth    ..........             (no amulet)
HPRegen  0.15/turn              (no ring)
MPRegen  0.10/turn              (no ring)

@: brilliant
A: no striking features
a: no special abilities


You were on level 3 of the Dungeon.
You visited 1 branch of the dungeon, and saw 3 of its levels.

You collected 199 gold pieces.

Inventory:

Hand Weapons
 a - a +1 long sword (weapon)
Missiles
 e - 3 curare-tipped darts (quivered)
 h - 2 atropa-tipped darts
 i - 14 poisoned darts
Armour
 b - a +0 scale mail (worn)
 c - a +0 kite shield (worn)
Jewellery
 d - an amulet of the acrobat
Wands
 m - a wand of charming (4)
Scrolls
 g - a scroll of fog
Potions
 j - a potion of curing


   Skills:
 + Level 4.4 Fighting
 + Level 2.9 Long Blades
 + Level 1.0 Throwing
 + Level 3.9 Armour
 + Level 4.0 Shields
 - Level 2.0 Invocations
 - Level 1.7 Evocations


You had 4 spell levels left.
You didn't know any spells.
Your spell library was empty.

Dungeon Overview and Level Annotations

Branches:
Dungeon (3/15)

Altars:

Annotations:
D:3 1 runed translucent door, Crazy Yiuf, Grinder, Sigmund


Message History

Okay, then.
You climb upwards.
There is a stone staircase leading down here.
As you read the scroll of identify, it crumbles to dust.
j - a potion of curing
As you read the scroll labelled BEUDDU ALAONI, it crumbles to dust.
It is a scroll of enchant weapon.
Your +0 long sword glows red for a moment.
You climb downwards.
Level annotation: 1 runed translucent door, Crazy Yiuf, Grinder, Sigmund
There is a stone staircase leading up here.
It was a potion of brilliance.
You feel clever all of a sudden. You block Sigmund's attack.
You block Sigmund's attack.
You hit Sigmund but do no damage.
Sigmund gestures at himself while chanting.
Sigmund flickers and vanishes!
Deactivating autopickup; reactivate with Ctrl-A.
You hear some strange, mumbled words.
You are confused.
You are too confused!
A magic dart appears from out of thin air!
The magic dart hits you.
You bump into the rock wall.
Something hits you! Something hits you! Something hits you but does no damage.
You're too confused to move!
You hear some strange, mumbled words.
A puff of flame appears from out of thin air!
The puff of flame hits you!
* * * LOW HITPOINT WARNING * * *
You're too confused to move!
You feel less confused. Something hits you.
* * * LOW HITPOINT WARNING * * *
Unknown command.
A puff of flame appears from out of thin air!
The puff of flame hits you!
You die...

..# ###..## #.# .## #..##
#.######## ## ###...#
#..).....# ##.....##
###..)....## ###
##.......###.........#
..######.........†..######.##
#................†#####....#
..######......(......#.....##
..# #........@...........#
..# #.........###........#
..# ##.......## ##.......#
..# #......{..# ##.....##
#### #.........# #(......#
≈≈§# #.........# #.......#
..≈#####.........# #.......#
§)≈#.............# ##.....##
≈).'.####.......## ##...##


There were no monsters in sight!

Vanquished Creatures
  Jessica (D:3)
  Ijyb (D:3)
  Robin (D:3)
  2 adders (D:2)
  3 dart slugs
  An orc (D:3)
  5 ball pythons
  5 bats
  3 endoplasms
  19 goblins
  6 hobgoblins
  6 jackals
  3 quokkas
  4 frilled lizards
  2 kobolds (D:1)
  4 rats
66 creatures vanquished.

Notes
Turn   | Place    | Note
-------+----------+-------------------------------------------
     0 | D:1      | leviel the Hill Orc Fighter began the quest for the Orb.
     0 | D:1      | Reached XP level 1. HP: 19/19 MP: 1/1
   103 | D:1      | Reached XP level 2. HP: 26/27 MP: 2/2
   300 | D:1      | Found a faded altar of an unknown god.
   851 | D:1      | Reached XP level 3. HP: 30/33 MP: 3/3
  1002 | D:2      | Reached skill level 1 in Invocations
  1505 | D:2      | Reached skill level 1 in Evocations
  1715 | D:2      | Reached XP level 4. HP: 40/40 MP: 5/5
  2127 | D:3      | Noticed Jessica
  2127 | D:3      | Noticed Robin
  2144 | D:3      | Killed Robin
  2164 | D:3      | Killed Jessica
  2165 | D:3      | Reached XP level 5. HP: 18/46 MP: 6/6
  2376 | D:3      | Noticed Grinder
  2377 | D:3      | Noticed Sigmund
  2380 | D:3      | Paralysed by Grinder for 4 turns
  2588 | D:3      | Found a runed translucent door.
  2589 | D:3      | Noticed Crazy Yiuf
  2644 | D:3      | Noticed Ijyb
  2650 | D:3      | Killed Ijyb
  2745 | D:3      | Reached skill level 1 in Throwing
  2927 | D:3      | Killed from afar by Sigmund

Illustrated notes

Levels and vault maps discovered:
D:1:      amcnicky_arrival_feature_with_door, layout_loops_cross, serial_glass,
          glass_columns_a, glass_columns_c, glass_columns_b, glass_columns_b,
          glass_columns_a, glass_columns_c, shapermc_ecumenical_altar_gd,
          grunt_decor_junction, minmay_misc_feat_cross
D:2:      layout_rooms, grunt_ministairs_11, minmay_misc_feat_encased
D:3:      layout_rooms, kennysheep_generic_room_6, uniq_jessica,
          uniq_crazy_yiuf_cottage, uniq_ijyb, uniq_sigmund, uniq_grinder,
          uniq_robin

Skill      XL: |  1  2  3  4  5 |
---------------+----------------+-----
Invocations    | 1 2 |  2.0
Fighting       | 4 |  4.4
Evocations     | 1 |  1.7
Shields        | 4 |  4.0
Throwing       | 1 |  1.0
Long Blades    | |  2.9
Armour         | |  3.9

Action                   |  1- 3 |  4- 6 || total
-------------------------+-------+-------++-------
Melee: Long sword        |   128 |    78 ||   206
  Use: Scroll            |     2 |     2 ||     4
       Potion            |     1 |     2 ||     3
Armor: Scale mail        |    92 |    71 ||   163
Dodge: Dodged            |    52 |    33 ||    85
Block: Kite shield       |    85 |    68 ||   153
       Rpst.: Long sword |    11 |    10 ||    21

Table legend: (Time is in decaauts)
 A = Elapsed time spent in this place.
 B = Non-inter-level travel time spent in this place.
 C = Inter-level travel time spent in this place.
 D = Time resting spent in this place.
 E = Time spent auto-exploring this place.
 F = Levels seen in this place.
 G = Mean time per level.
                   A        B        C        D        E       F      G
               +--------+--------+--------+--------+--------+-----+--------+
         Total |   3032 |   2931 |    101 |    530 |   1860 |   3 | 1010.7 |
       Dungeon |   3032 |   2931 |    101 |    530 |   1860 |   3 | 1010.7 |
               +--------+--------+--------+--------+--------+-----+--------+

Top non-repeatable levels by time:
     D:2: 1256 daAuts
     D:1: 1027 daAuts
     D:3: 748 daAuts
